 Dungeon Crawl Stone Soup version 0.29.0-4-gdea44cf6ec (webtiles) character file.

Game seed: 3971526590771623863

7 qw the Chopper (level 2, 0/17 HPs)
             Began as a Tengu Warper on Aug 28, 2022.
             Succumbed to a goblin's poison
             ... on level 1 of the Dungeon.
             The game lasted 00:00:01 (257 turns).

qw the Chopper (Tengu Warper)                        Turns: 257, Time: 00:00:01

Health: 0/17       AC:  3    Str: 11    XL:     2   Next: 4%
Magic:  6/6        EV: 11    Int: 13    God:
Gold:   18         SH:  0    Dex: 13    Spells: 5/5 levels left

rFire   . . .      SeeInvis .   a - +0 hand axe
rCold   . . .      Faith    .   (no shield)
rNeg    . . .      Spirit   .   b - +0 leather armour
rPois   .          Reflect  .   (helmet restricted)
rElec   .          Harm     .   (no cloak)
rCorr   .          Rampage  .   (no gloves)
Will    .....                   (boots unavailable)
Stlth   +.........              (no amulet)
HPRegen 0.05/turn               (no ring)
MPRegen 0.10/turn               (no ring)

@: lethally poisoned (0 -> -1)
A: beak, talons 3
a: no special abilities


You were on level 1 of the Dungeon.
You visited 1 branch of the dungeon, and saw 1 of its levels.

You collected 18 gold pieces.


Innate Abilities, Weirdness & Mutations

You have a beak for a mouth.
You have claws for feet.


   Skills:
 - Level 2.0 Fighting
 + Level 3.0 Axes
 - Level 1.0 Throwing
 - Level 1.1 Armour
 - Level 2.1 Dodging
 - Level 2.0 Spellcasting
 - Level 2.4 Translocations


You had 5 spell levels left.
You didn't know any spells.
Your spell library contained the following spells:

 Spells                   Type           Power      Damage    Failure   Level
 Blink                    Tloc           14%        N/A       19%         2
 Gell's Gravitas          Tloc           7%         N/A       36%         3
 Lesser Beckoning         Tloc           7%         N/A       36%         3
 Teleport Other           Tloc           7%         N/A       36%         3
 Manifold Assault         Tloc           7%         N/A       98%         5

Inventory:

Hand Weapons
 a - a +0 hand axe (weapon)
Armour
 b - a +0 leather armour (worn)
Scrolls
 c - a scroll of blinking
 d - a scroll of identify {unknown}
 e - a scroll of noise {unknown}
 f - 3 scrolls of enchant armour {unknown}

Dungeon Overview and Level Annotations

Branches:
Dungeon (1/15)

Altars:


Message History

The goblin is heavily wounded.
The goblin hits you with a +0 dagger.
You slash the goblin!
You kill the goblin!
You have reached level 2!
You start resting.
HP restored.
Things that are here:
a +0 dagger; a goblin corpse A goblin comes into view.
It is wielding a +0 club and quivering poisoned darts.
241 ||| Stepping ~*~*~tactically~*~*~ (stealth).
A bat comes into view.
You closely miss the bat. Your kick misses the bat. You peck the bat.
You kill the bat!
Your Axes skill increases to level 3!
The goblin shouts!
A goblin comes into view. It is wielding a +0 dagger.
The goblin throws a poisoned dart.
The poisoned dart hits you!
You are poisoned.
You feel very sick.
The goblin shouts!
A bat comes into view.
The bat moves out of view.
You feel sick.
You feel sick.
You feel sick.
You feel sick.
You barely miss the goblin. Your kick misses the goblin.
You feel sick. The goblin hits you with a +0 club.
You closely miss the goblin. Your kick misses the goblin. You peck the goblin.
You punch the goblin.
The goblin is heavily wounded.
You closely miss the goblin.
You feel sick. The goblin hits you but does no damage.
The goblin hits you with a +0 club.
The goblin hits you but does no damage. x2
You barely miss the goblin. Your kick misses the goblin.
The goblin is heavily wounded.
You hit the goblin.
You kill the goblin!
You die...

..#.. ##....
...... ......#
.......
.......##
......g.###
...
.b....)@..##
#...
....#.##...###
#... . #
#.#...## #...
#.###..####
#... #.#
##....####...
#.#
####)..##...
#.# ###......
#.# ###.... #.
##...


You could see a goblin and a bat.

Vanquished Creatures
  2 endoplasms (D:1)
  2 goblins (D:1)
  A bat (D:1)
  A frilled lizard (D:1)
  3 rats (D:1)
9 creatures vanquished.

Notes
Turn   | Place    | Note
-------+----------+-------------------------------------------
     0 | D:1      | qw the Tengu Warper began the quest for the Orb.
     0 | D:1      | Reached XP level 1. HP: 12/12 MP: 4/4
     0 | D:1      | 0 ||| qw: Version: 0.1-a-89-g26bdef1
     0 | D:1      | 0 ||| qw: Game counter: 3207
     0 | D:1      | 0 ||| qw: Always use a shield: true
     0 | D:1      | 0 ||| qw: God list: Okawaru
     0 | D:1      | 0 ||| qw: Allow faded altars: false
     0 | D:1      | 0 ||| qw: Do Orc after D:15 true
     0 | D:1      | 0 ||| qw: Do second Lair branch before Depths: true
     0 | D:1      | 0 ||| qw: Lair rune preference: random
     0 | D:1      | 0 ||| qw: Plans: Normal
     0 | D:1      | 0 ||| PLANNING D:1-11
    29 | D:1      | 29 ||| Stepping ~*~*~tactically~*~*~ (stealth).
    42 | D:1      | 42 ||| Stepping ~*~*~tactically~*~*~ (stealth).
    44 | D:1      | 44 ||| Stepping ~*~*~tactically~*~*~ (stealth).
    47 | D:1      | 47 ||| Stepping ~*~*~tactically~*~*~ (stealth).
    50 | D:1      | 50 ||| Stepping ~*~*~tactically~*~*~ (stealth).
    57 | D:1      | 57 ||| Stepping ~*~*~tactically~*~*~ (stealth).
   158 | D:1      | Reached XP level 2. HP: 13/17 MP: 6/6
   241 | D:1      | 241 ||| Stepping ~*~*~tactically~*~*~ (stealth).
   245 | D:1      | Reached skill level 3 in Axes
   255 | D:1      | HP: 4/17 [goblin/+0 club (4)]
   256 | D:1      | HP: 1/17 [goblin/+0 club (2)]
   257 | D:1      | Succumbed to a goblin's poison

Levels and vault maps discovered:
D:1:      spicycebolla_arrival_ecumenical, layout_basic, minmay_misc_feat_cross

Skill      XL: |  1  2 |
---------------+-------+-----
Axes           | 3 |  3.0
Fighting       | |  2.0
Throwing       | |  1.0
Armour         | |  1.1
Dodging        | |  2.1
Spellcasting   | |  2.0
Translocations | |  2.4

Action                   || total
-------------------------++-------
Melee: Hand axe          ||    11
       Kick              ||     1
       Peck              ||     2
       Punch             ||     1
Throw: Boomerang         ||     7
Armor: Leather armour    ||     4
Dodge: Dodged            ||     1

Table legend:
 A = Non-vault XP
 B = Vault XP
 C = Vault XP percentage of total XP
 D = Non-vault monster count
 E = Vault monster count
 F = Vault count percentage of total count
                 A         B        C        D         E       F
            +---------+---------+-------+---------+---------+-------
      Total |      13 |       0 |   0.0 |       9 |       0 |   0.0
            +---------+---------+-------+---------+---------+-------
        D:1 |      13 |       0 |   0.0 |       9 |       0 |   0.0
            +---------+---------+-------+---------+---------+-------
